 Dungeon Crawl Stone Soup version 0.30-a0-137-gd8773701ce (webtiles) character file.

Game seed: 14769291246743909819

11 ytrimaz the Chopper (level 2, 23/23 HPs)
             Began as a Demonspawn Gladiator on Sept 21, 2022.
             Quit the game on level 1 of the Dungeon.
             The game lasted 00:00:22 (372 turns).

ytrimaz the Chopper (Demonspawn Gladiator)           Turns: 372, Time: 00:00:23

Health: 23/23      AC:  4    Str: 14    XL:     2   Next: 17%
Magic:  2/2        EV: 12    Int:  9    God:
Gold:   19         SH:  0    Dex: 14    Spells: 1/1 levels left

rFire   . . .      SeeInvis .    a - +0 war axe
rCold   . . .      Faith    .    (no shield)
rNeg    . . .      Spirit   .    b - +0 leather armour
rPois   .          Reflect  .    c - +0 helmet
rElec   .          Harm     .    (no cloak)
rCorr   .          Rampage  .    (no gloves)
Will    .....                    (no boots)
Stlth   +.........               (no amulet)
HPRegen 0.07/turn                h - ring of flight
MPRegen 0.08/turn                (no ring)

@: flying
A: demonic magic 1
a: no special abilities


You were on level 1 of the Dungeon.
You visited 1 branch of the dungeon, and saw 1 of its levels.

You collected 19 gold pieces.


Innate Abilities, Weirdness & Mutations

Spells you cast may paralyse adjacent enemies.


   Skills:
 * Level 2.6 Fighting
 + Level 2.9 Axes
 - Level 1.7 Throwing
 - Level 2.6 Dodging


You had one spell level left.
You didn't know any spells.
Your spell library was empty.

Inventory:

Hand Weapons
 a - a +0 war axe (weapon)
Missiles
 d - 3 throwing nets (quivered)
 e - a javelin
Armour
 b - a +0 leather armour (worn)
 c - a +0 helmet (worn)
Jewellery
 h - a ring of flight (left hand)
   (You found it on level 1 of the Dungeon)
Scrolls
 g - a scroll of amnesia {unknown}
Potions
 f - a potion of attraction {unknown}

Dungeon Overview and Level Annotations

Branches:
Dungeon (1/15) Zot: 5619

Altars:

Shops:
D:1

(
#...####.#......#
........#.....$#
#.............#
###.............#
#......†...##
.#......#..#
#8.....##.##
#.##.#)..###..#
##### #.8.@>8..#
##.###...#
####.#...#
#.......# #8..###
####....# #..##
###.†# #### ##.#
#.. ### # #


There were no monsters in sight!


Message History

You barely miss the jackal. The jackal completely misses you.
You barely miss the jackal. The jackal closely misses you. x2
You slash the jackal!
You kill the jackal!
The jackal closely misses you.
You hit the jackal but do no damage. The jackal bites you. x2 😕 HP[-1]
You take 1 damage, and now have 14/16 hp.
Unknown command.
You closely miss the jackal. The jackal closely misses you.
The jackal bites you but does no damage.
You slash the jackal!
You kill the jackal!
The jackal bites you. 😮 HP[-2]
You take 2 damage, and now have 12/16 hp.
You slash the jackal!
You kill the jackal!
The jackal bites you but does no damage.
You are too injured to fight recklessly!
You hit the jackal. The jackal closely misses you.
The jackal barely misses you.
You are too injured to fight recklessly!
You hit the jackal.
You kill the jackal! 😕 HP[+1]
You now have 17 max hp (+1).
Unknown command.
Things that are here:
a jackal corpse; a jackal corpse No target in view!
Key pressed, stopping explore.
Unknown command. 😕 HP[+1]
You open the door.
There is an open door here.
Key pressed, stopping explore.
g - a scroll labelled ENURHA LILONUS 😎 HP[+3]
Your hp is fully restored (17).
Unknown command.
You now have 11 gold pieces.
h - a ring of flight No target in view!
Key pressed, stopping explore.
No target in view!
No target in view!
You fly up into the air.
h - a ring of flight (left hand) Key pressed, stopping explore.
Found a stone staircase leading down.
A rat comes into view.
A rat is nearby!
A rat is nearby!
You slash the rat!
You kill the rat!
You see here a rat corpse.
No target in view!
Unknown command.
A hobgoblin comes into view.
A hobgoblin is nearby!
Unknown command.
A hobgoblin is nearby!
A ball python and a bat come into view.
Found 23 gold pieces and a whip.
Found Daughepu's Weapon Shop.
Found an escape hatch in the floor.
An endoplasm comes into view.
The ball python hisses angrily.
The endoplasm quivers.
The bat closely misses you.
You hit the hobgoblin.
You kill the hobgoblin!
You hit the ball python.
You kill the ball python!
The bat hits you but does no damage. The bat closely misses you.
You have reached level 2!
Your demonic ancestry asserts itself...
A menacing aura infuses your magic.
You closely miss the bat.
The bat hits you but does no damage. x2 😎 HP[+6] MP[+1]
You now have 23 max hp (+6).
Your hp is fully restored (23).
Your mp is fully restored (2).
You slash the endoplasm!
You kill the endoplasm!
The bat hits you.
You slash the bat!
You kill the bat! 😕 HP[-1]
You take 1 damage, and now have 22/23 hp.
Unknown command.
No target in view!
No target in view!
Unknown command.
You now have 19 gold pieces (gained 8).
You see here a +0 whip.
There is an escape hatch in the floor here.
There is an entrance to Daughepu's Weapon Shop here. 😎 HP[+1]
Your hp is fully restored (23).
Are you sure you want to abandon this character and quit the game? (Confirm with "yes".)

Action                   || total
-------------------------++-------
Melee: War axe           ||    23
Armor: Leather armour    ||    12
Dodge: Dodged            ||    16

Levels and vault maps discovered:
D:1:      shiori_angband_town, layout_basic, basic_ecumenical_altar,
          serial_shops, nicolae_shop_statue_plus

Notes
Turn   | Place    | Note
-------+----------+-------------------------------------------
     0 | D:1      | ytrimaz the Demonspawn Gladiator began the quest for the
                  | Orb.
     0 | D:1      | Reached XP level 1. HP: 16/16 MP: 1/1
     0 | D:1      | magus.rc [v1.9.6]
   358 | D:1      | Found Daughepu's Weapon Shop.
   362 | D:1      | Gained mutation: Spells you cast may paralyse adjacent
                  | enemies. [demonic ancestry]
   362 | D:1      | Reached XP level 2. HP: 23/23 MP: 2/2
   372 | D:1      | Quit the game

Vanquished Creatures
  A bat (D:1)
  An endoplasm (D:1)
  A hobgoblin (D:1)
  4 jackals (D:1)
  2 ball pythons (D:1)
  A rat (D:1)
10 creatures vanquished.

Table legend:
 A = Non-vault XP
 B = Vault XP
 C = Vault XP percentage of total XP
 D = Non-vault monster count
 E = Vault monster count
 F = Vault count percentage of total count
                 A         B        C        D         E       F
            +---------+---------+-------+---------+---------+-------
      Total |      17 |       0 |   0.0 |      10 |       0 |   0.0
            +---------+---------+-------+---------+---------+-------
        D:1 |      17 |       0 |   0.0 |      10 |       0 |   0.0
            +---------+---------+-------+---------+---------+-------

Illustrated notes

Table legend:
 A = Kills in this place as a percentage of kills in entire the game.
 B = Kills by you in this place as a percentage of kills by you in the entire game.
 C = Kills by friends in this place as a percentage of kills by friends in the entire game.
 D = Other kills in this place as a percentage of other kills in the entire game.
 E = Experience gained in this place as a percentage of experience gained in the entire game.
 F = Experience gained in this place divided by the number of levels of this place that you have seen.
                   A       B       C       D       E      F
               +-------+-------+-------+-------+-------+----------------------
         Total | 100.0 | 100.0 |   N/A |   N/A | 100.0 |  17.0
       Dungeon | 100.0 | 100.0 |   N/A |   N/A | 100.0 |  17.0
               +-------+-------+-------+-------+-------+----------------------

Table legend: (Time is in decaauts)
 A = Elapsed time spent in this place.
 B = Non-inter-level travel time spent in this place.
 C = Inter-level travel time spent in this place.
 D = Time resting spent in this place.
 E = Time spent auto-exploring this place.
 F = Levels seen in this place.
 G = Mean time per level.
                   A        B        C        D        E       F      G
               +--------+--------+--------+--------+--------+-----+--------+
         Total |    380 |    380 |      0 |      0 |    320 |   1 |  380.0 |
       Dungeon |    380 |    380 |      0 |      0 |    320 |   1 |  380.0 |
               +--------+--------+--------+--------+--------+-----+--------+

Top non-repeatable levels by time:
     D:1: 380 daAuts
